AoeStats
← AOKI_GworK

Nomad

508077804Analyzed
4v4 RM · 11d ago on Sep 20, 2026· 37m 49s· 8 players
Game mode
Random Map
Map size
231×231
Population
200
Speed
Normal
Resources
Standard
Victory
Conquest
Starting age
Dark Age
Ending age
Imperial Age
RankedLock teamsTeams togetherTeam positionsShared explorationLock speedFull tech treeHidden civsTurbo modeCheats
Victory
Defeat
🇫🇷 Magyars · France
1766
+12
🇫🇷 Persians · France
1763
+12
🇫🇷 Vietnamese · France
1716
+14
🇫🇷 Georgians · France
1645
+18
🇦🇷 Aztecs · Argentina
1843
-20
🇦🇷 Gurjaras · Argentina
1692
-15
🇦🇷 Huns · Argentina
1619
-12
🇦🇷 Portuguese · Argentina
1558
-9
MerlinAoE
7:30 Loom
13:58 Feudal Age
18:04 Fletching
21:23 Stone Mining
22:25 Double-Bit Axe
23:41 Horse Collar
30:47 Castle Age
29:30 Gold Mining
IMPERIAL IPA
4:56 Loom
14:06 Feudal Age
18:24 Castle Age
21:31 Wheelbarrow
29:52 Hand Cart
33:52 Horse Collar
El Libertador Don Jose
3:05 Loom
13:54 Feudal Age
15:12 Double-Bit Axe
18:06 Castle Age
17:05 Gold Mining
18:24 Forging
19:13 Bow Saw
20:20 Iron Casting
20:56 Horse Collar
24:54 Heavy Plow
27:15 Wheelbarrow
26:26 Town Watch
27:20 Scale Barding Armor
28:00 Husbandry
28:11 Bloodlines
28:29 Chain Barding Armor
29:46 Hand Cart
29:32 Town Patrol
29:51 Stone Mining
32:59 Stone Shaft Mining
32:27 Padded Archer Armor
33:42 Gold Shaft Mining
CesarFight
4:32 Loom
13:18 Feudal Age
16:57 Castle Age
15:52 Double-Bit Axe
AOKI_Gryphon
5:05 Loom
13:06 Feudal Age
13:36 Double-Bit Axe
13:42 Town Watch
19:36 Scale Barding Armor
20:48 Bloodlines
27:57 Castle Age
26:00 Horse Collar
27:44 Gold Mining
28:12 Light Cavalry
29:13 Chain Barding Armor
33:15 Wheelbarrow
33:10 Bow Saw
37:08 Heavy Plow
38:19 Hand Cart
AOKI_GworK
12:45 Feudal Age
13:01 Loom
18:40 Castle Age
18:08 Wheelbarrow
19:53 Double-Bit Axe
20:49 Bow Saw
22:10 Horse Collar
23:33 Town Watch
24:18 Fletching
33:52 Bodkin Arrow
AOKI_Totor
6:42 Loom
12:20 Feudal Age
13:08 Double-Bit Axe
13:39 Fishing Lines
21:30 Castle Age
20:24 Forging
20:57 Gold Mining
21:37 Scale Barding Armor
22:12 Medium Warships
22:48 Bloodlines
23:19 Bow Saw
24:53 Wheelbarrow
24:48 Horse Collar
25:22 Gillnets
27:19 Chain Barding Armor
31:11 Husbandry
33:55 Gold Shaft Mining
37:51 Imperial Age
35:39 Padded Archer Armor
39:17 Chemistry
37:41 Capped Ram
AOKI_Yo
4:45 Loom
5:27 Loom
15:47 Feudal Age
19:47 Castle Age
18:02 Double-Bit Axe
18:37 Gold Mining
19:41 Town Watch
20:49 Medium Warships
20:59 Bow Saw
21:33 Forging
24:25 Iron Casting
26:32 Scale Barding Armor
26:27 Stone Mining
26:43 Fishing Lines
27:48 Wheelbarrow
28:52 Bloodlines
33:28 Pikeman
35:17 Chain Barding Armor
35:54 Hand Cart
36:02 Scale Mail Armor
39:26 Imperial Age
37:18 Horse Collar
38:09 Chain Mail Armor
Connection lost

Rejoining the realm…

Still unreachable

The connection could not be restored.

Session expired

The server has moved on; the page needs a fresh start.